 Dungeon Crawl Stone Soup version 0.19.1 (webtiles) character file.

269 Gargoyl the Distorting Demonspawn (level 6, -14/48 HPs)
             Began as a Demonspawn Abyssal Knight on Nov 29, 2016.
             Was a Believer of Lugonu.
             Demolished by an ogre
             ... wielding a +0 giant club
              (21 damage)
             ... on level 5 of the Dungeon.
             The game lasted 00:07:02 (3002 turns).

Gargoyl the Distorting Demonspawn (DsAK)            Turns: 3002, Time: 00:07:02

Health: -14/48     AC: 12    Str: 14    XL:     6   Next: 1%
Magic:  9/9        EV:  6    Int: 13    God:    Lugonu [**....]
Gold:   177        SH:  0    Dex: 13    Spells: 0 memorised, 5 levels left

rFire  . . .     SeeInvis .     a - +1 hand axe
rCold  . . .     Gourm    .     d - +0 chain mail
rNeg   . . .     Faith    .     (no shield)
rPois  .         Spirit   .     j - +0 helmet
rElec  .         Reflect  .     (no cloak)
rCorr  .         Harm     .     (no gloves)
MR     .....                    (no boots)
Stlth  ..........               s - amulet of regeneration
                                (no ring)
                                h - +1 ring of slaying

@: no status effects
A: icy blue scales 1, nightstalker 1, powered by death 1
a: Depart the Abyss, Bend Space, Renounce Religion


You were on level 5 of the Dungeon.
You worshipped Lugonu.
Lugonu was pleased with you.
You were not hungry.

You visited 1 branch of the dungeon, and saw 5 of its levels.
You visited the Abyss 1 time.

You collected 177 gold pieces.

Inventory:

Hand Weapons
 a - a +1 hand axe (weapon)
Missiles
 y - 6 tomahawks (quivered)
Armour
 d - a +0 chain mail (worn)
 j - a +0 helmet (worn)
Jewellery
 h - a +1 ring of slaying (left hand)
 s - an amulet of regeneration (around neck)
Scrolls
 b - 3 scrolls of random uselessness {unknown}
 g - 3 scrolls of magic mapping {unknown}
 i - 2 scrolls of blinking {unknown}
 m - a scroll of recharging {unknown}
 t - 2 scrolls of remove curse
 u - 3 scrolls of identify
 v - a scroll of teleportation {unknown}
Potions
 f - a potion of might {unknown}
 k - a potion of mutation {unknown}
 l - a potion of ambrosia {unknown}
 o - a potion of brilliance {unknown}
 w - a potion of haste
 x - a potion of curing {unknown}
Comestibles
 c - 2 bread rations
 n - a slice of pizza
 p - a beef jerky
 q - 2 meat rations
 r - 4 fruits


   Skills:
 + Level 3.9 Fighting
 + Level 3.5 Axes
 * Level 3.3 Armour
 + Level 1.3 Dodging
 * Level 4.0 Invocations


You had 5 spell levels left.
You didn't know any spells.

Dungeon Overview and Level Annotations

Branches:
Dungeon (5/15)
 Temple: D:4-7

Altars:
Dithmenos
Qazlal
Trog

Annotations:
D:4 Gargoyl's ghost, amateur DsAK


Innate Abilities, Weirdness & Mutations

You are partially covered in icy blue scales. (AC +2)
You are slightly more attuned to the shadows.
You regenerate a little health from kills.


Message History

The ogre hits you with a giant club!!
* * * LOW HITPOINT WARNING * * *
It was a potion of heal wounds.
You feel much better. The ogre hits you with a giant club!
You hit the ogre.
The ogre is heavily wounded.
The ogre closely misses you.
You hit the ogre.
The ogre is severely wounded.
You slash the ogre!
The ogre is almost dead.
The ogre hits you with a giant club!
* * * LOW HITPOINT WARNING * * *
You hit the ogre.
The ogre is almost dead.
The ogre closely misses you.
You barely miss the ogre.
The ogre is almost dead.
The ogre hits you with a giant club!!
You die...

######.............
#....#...#....
......######...........
................#.##...
...... ###...##.# ...
......### ##...##.. ...
#<.....###........#...
#......##.....#...#...
#..(O@....#...#.#.#
.....#...##...#..# #
...#..............
##................
###.............
#............
...#.###..... .###.
.....


You could see an ogre.

Vanquished Creatures
  An ice beast (D:3)
  2 orc wizards (D:4)
  3 adders
  4 oozes (D:1)
  3 worms
  A dart slug (D:1)
  2 leopard geckos
  5 orcs
  A ball python (D:3)
  2 giant cockroaches
  4 goblins
  4 hobgoblins
  4 jackals (D:4)
  A quokka (D:3)
  8 bats
  2 frilled lizards
  7 kobolds
  4 rats
58 creatures vanquished.

Notes
Turn   | Place    | Note
-------+----------+-------------------------------------------
     0 | Abyss:1  | Gargoyl the Demonspawn Abyssal Knight began the quest for the Orb.
     0 | Abyss:1  | Reached XP level 1. HP: 18/18 MP: 2/2
    91 | Abyss:2  | Noticed a small abomination
   126 | Abyss:2  | Noticed a large abomination
   129 | Abyss:2  | Noticed an apocalypse crab
   140 | Abyss:3  | Found a corrupted altar of Lugonu.
   146 | Abyss:3  | Noticed a large abomination
   163 | D:1      | Escaped the Abyss
   298 | D:1      | Reached * piety under Lugonu
   309 | D:1      | Gained mutation: You are partially covered in icy blue scales. (AC +2) [demonic ancestry]
   309 | D:1      | Reached XP level 2. HP: 22/24 MP: 4/4
   585 | D:1      | Reached XP level 3. HP: 27/29 MP: 5/5
   883 | D:1      | Reached skill level 3 in Invocations
  1135 | D:2      | Found a bloodstained altar of Trog.
  1193 | D:2      | Found a stormy altar of Qazlal.
  1602 | D:3      | Found a shadowy altar of Dithmenos.
  1618 | D:3      | Reached XP level 4. HP: 36/36 MP: 6/6
  1863 | D:3      | Noticed an ice beast
  1879 | D:3      | Killed an ice beast
  1879 | D:3      | Reached skill level 1 in Dodging
  1879 | D:3      | Gained mutation: You regenerate a little health from kills. [demonic ancestry]
  1879 | D:3      | Reached XP level 5. HP: 23/42 MP: 7/7
  2657 | D:4      | Reached ** piety under Lugonu
  2669 | D:4      | Reached skill level 4 in Invocations
  2714 | D:4      | Gained mutation: You are slightly more attuned to the shadows. [demonic ancestry]
  2714 | D:4      | Reached XP level 6. HP: 48/48 MP: 9/9
  2811 | D:4      | Noticed an orc warrior
  2811 | D:4      | Noticed Gargoyl's ghost (amateur DsAK)
  2928 | D:5      | Entered Level 5 of the Dungeon
  3002 | D:5      | Demolished by an ogre

Skill      XL: |  1  2  3  4  5 |
---------------+----------------+-----
Axes           | 2 3 |  3.5
Armour         | 2 3 |  3.3
Invocations    | 3 4 |  4.0
Dodging        | 1 |  1.3
Fighting       | |  3.9

Action                   |  1- 3 |  4- 6 || total
-------------------------+-------+-------++-------
Melee: Hand axe          |   140 |   125 ||   265
Throw: Tomahawk          |       |     1 ||     1
Invok: Depart the Abyss  |     1 |       ||     1
  Use: Scroll            |     1 |     2 ||     3
       Potion            |       |     2 ||     2
  Eat: Chunk             |     2 |     5 ||     7
Armor: Chain mail        |   117 |   131 ||   248
Dodge: Dodged            |    48 |    59 ||   107
